 Dungeon Crawl Stone Soup version 0.24-a0-487-g57318f2ed0 (webtiles) character file.

Game seed: 15319683047060374837

3991 Peloso the Blocker (level 10, -12/86 HPs)
             Began as a Minotaur Fighter on July 10, 2019.
             Was a Believer of Okawaru.
             Mangled by a two-headed ogre
             ... wielding a +0 giant spiked club
              (20 damage)
             ... on level 8 of the Dungeon.
             The game lasted 00:15:58 (5284 turns).

Peloso the Blocker (Minotaur Fighter)               Turns: 5284, Time: 00:15:59

Health: -12/86     AC: 16    Str: 23    XL:     10   Next: 3%
Magic:  9/9        EV:  7    Int:  5    God:    Okawaru [**....]
Gold:   152        SH: 12    Dex: 11    Spells: 9/9 levels left

rFire    . . .     SeeInvis +   d - +4 hand axe "Murmur" {freeze, *Slow rC- SInv Stlth+}
rCold    x . .     Gourm    .   c - +0 shield
rNeg     + . .     Faith    .   G - +0 plate armour
rPois    +         Spirit   .   (helmet restricted)
rElec    .         Reflect  .   (no cloak)
rCorr    .         Harm     .   w - +0 pair of gloves
MR       .....                  v - +0 pair of boots "Cyckox" {+Blink rPois Stlth+}
Stlth    ..........             (no amulet)
HPRegen  0.24/turn              K - ring of positive energy
MPRegen  0.11/turn              (no ring)

@: no status effects
A: retaliatory headbutt, horns 2
a: Heroism, Renounce Religion, Evoke Blink


You were on level 8 of the Dungeon.
You worshipped Okawaru.
Okawaru was pleased with you.
You were not hungry.

You visited 2 branches of the dungeon, and saw 9 of its levels.
You also visited: Ossuary.

You collected 408 gold pieces.
You spent 256 gold pieces at shops.

Inventory:

Hand Weapons
 a - a +0 long sword
 d - the +4 hand axe "Murmur" (weapon) {freeze, *Slow rC- SInv Stlth+}
   (You found it on level 4 of the Dungeon)

   It has been specially enchanted to freeze those struck by it, causing extra
   injury to most foes and up to half again as much damage against particularly
   susceptible opponents.
   It can also slow down cold-blooded creatures.
   It makes you vulnerable to cold.
   It lets you see invisible.
   It may slow you when you take damage.
   It makes you more stealthy.
 t - a +3 hand crossbow of flaming
 D - a +1 war axe of flaming
Armour
 b - a +0 scale mail
 c - a +0 shield (worn)
 v - the +0 pair of boots "Cyckox" (worn) {+Blink rPois Stlth+}
   (You found it on level 4 of the Dungeon)

   It protects you from poison.
   It lets you blink.
   It makes you more stealthy.
 w - a +0 pair of gloves (worn)
 B - a +0 chain mail
 G - a +0 plate armour (worn)
Jewellery
 K - a ring of positive energy (left hand)
Wands
 F - a wand of scattershot (4)
Scrolls
 i - 2 scrolls of amnesia
 j - 9 scrolls of teleportation
 k - a scroll of enchant weapon {unknown}
 m - a scroll of fear
 n - 3 scrolls of remove curse
 o - 3 scrolls of immolation {unknown}
 p - 2 scrolls of magic mapping {unknown}
 r - 2 scrolls of random uselessness {unknown}
 s - a scroll of enchant armour {unknown}
 y - a scroll of summoning {unknown}
 C - a scroll of noise {unknown}
 E - 3 scrolls of identify
 H - a scroll of brand weapon {unknown}
 J - a scroll of holy word {unknown}
Potions
 e - 2 potions of resistance
 g - 3 potions of curing
 h - a potion of flight
 l - a potion of heal wounds {unknown}
 q - a potion of ambrosia {unknown}
 u - 2 potions of degeneration {unknown}
 x - a potion of mutation {unknown}
 z - a potion of magic {unknown}
 A - a potion of might
 I - a potion of haste {unknown}
Comestibles
 f - 13 rations


   Skills:
 + Level 7.5 Fighting
 + Level 8.0 Long Blades
 + Level 7.6 Axes
 + Level 7.5 Armour
 + Level 3.4 Dodging
 + Level 1.2 Stealth
 + Level 9.3 Shields


You had 9 spell levels left.
You didn't know any spells.
Your spell library was empty.

Dungeon Overview and Level Annotations

Branches:
Dungeon (8/15)             Temple (1/1) D:7
   Lair: D:8-11

Altars:
Ashenzari
Cheibriados
Dithmenos
Elyvilon
Gozag
Hepliaklqana
Makhleb
Nemelex Xobeh
Okawaru
Qazlal
Ru
Sif Muna
Wu Jian
Xom
Yredelemnul
Zin
The Shining One

Shops:
D:4 (

Annotations:
D:8 1 transporter, swagumen's ghost, novice MiBe


Innate Abilities, Weirdness & Mutations

You reflexively headbutt those who attack you in melee.
You have a pair of horns on your head.


Message History

The two-headed ogre hits you with a +0 giant club!
You slash the two-headed ogre! You freeze the two-headed ogre.
The two-headed ogre is moderately wounded.
You barely miss the two-headed ogre.
The two-headed ogre is moderately wounded.
The two-headed ogre hits you with a +0 giant spiked club!
The two-headed ogre hits you with a +0 giant club!
You hit the two-headed ogre. You freeze the two-headed ogre.
The two-headed ogre is heavily wounded.
The two-headed ogre hits you with a +0 giant spiked club!!
* * * LOW HITPOINT WARNING * * *
The two-headed ogre hits you with a +0 giant club!
* * * LOW HITPOINT WARNING * * *
You barely miss the two-headed ogre.
The two-headed ogre is heavily wounded.
You hit the two-headed ogre but do no damage.
You headbutt the two-headed ogre.
The two-headed ogre is heavily wounded.
The two-headed ogre hits you with a +0 giant spiked club!!
You die...

.# ##.#.#(#### .#
#.........# .#######
###.#.#.##.## ........
#...........#####
>#######
#.###...........##
.#######
#####.####..##..###..)
.......#
#...........##..# ##..
.#####.#
#.###.#####.##..####..
.# #@# #.##..#..... <#
#O# #........... .#
#.# ####..#..... .#
... ....###... .# ..#
###.# #... ># #..#
##.. .. ...# ### ##
##..


You could see a two-headed ogre.

Vanquished Creatures
  A two-headed ogre (D:8)
  A wyvern (D:8)
  Eustachio (D:4)
  A hungry ghost (D:8)
  Edmund (D:4)
  An orc warrior (D:7)
  An ice beast (D:6)
  A sky beast (D:6)
  An ogre (D:8)
  A phantom (D:5)
  A centaur (D:6)
  A big kobold (D:8)
  5 bullfrogs
  4 water moccasin zombies (Ossuary)
  4 scorpions
  6 wights
  2 crimson imps (D:5)
  4 centaur skeletons
  3 jellies
  4 orc priests
  6 orc wizards
  Jessica (D:3)
  An iguana (D:5)
  4 worker ants
  A killer bee zombie (D:8)
  2 big kobold zombies (Ossuary)
  3 hound zombies
  2 mummies (Ossuary)
  10 gnolls
  16 adders
  A shadow imp (D:5)
  4 oozes
  An adder skeleton (D:8)
  7 adder zombies (Ossuary)
  2 worms
  4 leopard geckos
  23 orcs
  5 giant cockroaches
  3 gnoll zombies (Ossuary)
  9 goblins
  8 hobgoblins
  7 jackals
  16 kobolds
  2 quokkas
  2 ball pythons
  11 bats
  4 frilled lizards
  A giant cockroach zombie (D:6)
  6 hobgoblin zombies (Ossuary)
  A jackal skeleton (D:4)
  5 kobold zombies (Ossuary)
  6 orc zombies (Ossuary)
  2 quokka zombies
  7 rats
227 creatures vanquished.

Notes
Turn   | Place    | Note
-------+----------+-------------------------------------------
     0 | D:1      | Peloso the Minotaur Fighter began the quest for the Orb.
     0 | D:1      | Reached XP level 1. HP: 19/19 MP: 0/0
    32 | D:1      | Reached XP level 2. HP: 21/27 MP: 1/1
   151 | D:1      | Reached skill level 4 in Shields
   321 | D:1      | Found a glowing golden altar of the Shining One.
   394 | D:2      | Reached XP level 3. HP: 33/33 MP: 2/2
   628 | D:2      | Found a basalt altar of Yredelemnul.
   802 | D:3      | Reached XP level 4. HP: 37/40 MP: 3/3
  1030 | D:3      | Reached XP level 5. HP: 25/47 MP: 4/4
  1149 | D:3      | Reached skill level 5 in Shields
  1275 | D:3      | Noticed Jessica
  1285 | D:3      | Killed Jessica
  1307 | D:3      | HP: 2/47 [poisoned by an adder]
  1315 | D:3      | HP: 2/47 [poisoned by an adder]
  1805 | D:4      | Got a pair of jewelled boots
  1820 | D:3      | Identified the +0 pair of boots "Cyckox" {+Blink rPois
                  | Stlth+} (You found it on level 4 of the Dungeon)
  1836 | D:4      | Reached XP level 6. HP: 36/53 MP: 5/5
  1839 | D:4      | Reached skill level 5 in Long Blades
  1874 | D:4      | Noticed Eustachio
  1886 | D:4      | Killed Eustachio
  1886 | D:4      | Reached skill level 1 in Dodging
  1943 | D:4      | Noticed Edmund
  1970 | D:4      | Killed Edmund
  1970 | D:4      | Reached skill level 5 in Armour
  1970 | D:4      | Reached skill level 6 in Shields
  1970 | D:4      | Reached XP level 7. HP: 19/60 MP: 6/6
  2104 | D:4      | Got a warped hand axe
  2105 | D:4      | Identified the +4 hand axe "Murmur" {freeze, *Slow rC- SInv
                  | Stlth+} (You found it on level 4 of the Dungeon)
  2383 | D:4      | Found Etiyb's Weapon Shop.
  2391 | D:4      | Bought a +3 hand crossbow of flaming for 256 gold pieces
  2418 | D:5      | Entered Level 5 of the Dungeon
  2651 | D:5      | Reached skill level 1 in Axes
  2751 | D:5      | Found a sand-covered staircase.
  2759 | Ossuary  | Entered an ossuary
  2814 | Ossuary  | Reached skill level 5 in Fighting
  2902 | Ossuary  | Reached XP level 8. HP: 47/68 MP: 7/7
  3185 | D:5      | Reached skill level 7 in Shields
  3394 | D:6      | Reached skill level 5 in Axes
  3652 | D:6      | Reached skill level 1 in Stealth
  3727 | D:6      | Reached skill level 8 in Shields
  3727 | D:6      | Reached XP level 9. HP: 57/75 MP: 8/8
  4086 | D:7      | Found a staircase to the Ecumenical Temple.
  4093 | Temple   | Entered the Ecumenical Temple
  4121 | Temple   | Became a worshipper of Warmaster Okawaru
  4719 | D:8      | Found a transporter.
  4722 | D:8      | Noticed swagumen's ghost (novice MiBe)
  4725 | D:8      | Noticed a komodo dragon
  4727 | D:8      | Noticed a moth of wrath
  4790 | D:8      | Reached * piety under Okawaru
  5048 | D:8      | Noticed a two-headed ogre
  5060 | D:8      | Killed a two-headed ogre
  5060 | D:8      | Reached skill level 9 in Shields
  5065 | D:8      | Reached XP level 10. HP: 51/86 MP: 9/9
  5227 | D:8      | Reached ** piety under Okawaru
  5272 | D:8      | Noticed a two-headed ogre
  5284 | D:8      | Mangled by a two-headed ogre

Levels and vault maps discovered:
D:1:      lightli_arrival_noodles, layout_rooms, tso_altar
D:2:      layout_rooms, nicolae_overflow_crystal_walls, minmay_pentomino_pile
D:3:      layout_rooms, minmay_hedge_maze, uniq_jessica
D:4:      kennysheep_six_static_rooms, layout_rooms, first_ration, serial_shops,
          shop, uniq_edmund, uniq_eustachio
D:5:      minmay_goblin_kobold_castle, layout_basic, enter_ossuary_1,
          serial_glass, glass_columns_a, glass_columns_c
D:6:      layout_loops_ring
D:7:      layout_loops_ring, minmay_temple_entry_arrows
D:8:      layout_loops_ring, gammafunk_ghost_berserking_beasts
Temple:   nicolae_temple_the_god_donut

Skill      XL: |  1  2  3  4  5  6  7  8  9 10 |
---------------+-------------------------------+-----
Shields        | 4 5 6 8 9 |  9.3
Fighting       | 4 5 6 7 |  7.5
Armour         | 4 5 6 7 |  7.5
Long Blades    | 3 4 6 7 8 |  8.0
Dodging        | 1 2 3 |  3.4
Axes           | 3 6 7 |  7.6
Stealth        | 1 |  1.2

Action                   |  1- 3 |  4- 6 |  7- 9 | 10-12 || total
-------------------------+-------+-------+-------+-------++-------
Melee: Long sword        |    69 |   148 |   106 |     6 ||   329
       Headbutt          |     7 |    24 |    90 |     5 ||   126
       Hand axe          |       |       |   315 |    11 ||   326
  Use: Scroll            |       |     4 |     2 |       ||     6
       Potion            |       |     2 |       |       ||     2
 Stab: Sleeping          |       |       |     2 |       ||     2
  Eat: Chunk             |       |     4 |     9 |       ||    13
       Ration            |       |       |     1 |       ||     1
Armor: Scale mail        |    31 |    71 |    68 |       ||   170
       Chain mail        |       |       |    38 |       ||    38
       Plate armour      |       |       |    55 |     5 ||    60
Dodge: Dodged            |    27 |    75 |   118 |     2 ||   222
Block: Shield            |    36 |   106 |   240 |     4 ||   386
       Rpst.: Long sword |     4 |    20 |    12 |       ||    36

Table legend:
 A = Non-vault XP
 B = Vault XP
 C = Vault XP percentage of total XP
 D = Non-vault monster count
 E = Vault monster count
 F = Vault count percentage of total count
                 A         B        C        D         E       F
            +---------+---------+-------+---------+---------+-------
      Total |    4797 |     905 |  15.9 |     170 |      57 |  25.1
            +---------+---------+-------+---------+---------+-------
        D:1 |      32 |       0 |   0.0 |      19 |       0 |   0.0
        D:2 |      45 |      18 |  28.6 |      12 |       7 |  36.8
        D:3 |     158 |      37 |  19.0 |      29 |       1 |   3.3
        D:4 |     201 |     378 |  65.3 |      23 |       7 |  23.3
        D:5 |     456 |      10 |   2.1 |      14 |       7 |  33.3
        D:6 |    1005 |       0 |   0.0 |      24 |       0 |   0.0
        D:7 |     980 |       0 |   0.0 |      27 |       0 |   0.0
        D:8 |    1920 |       0 |   0.0 |      22 |       0 |   0.0
    Ossuary |       0 |     462 | 100.0 |       0 |      35 | 100.0
            +---------+---------+-------+---------+---------+-------
